Ranain, chaotic female elven Ranger --------..----------------------- ------- #................................| ------ |.....-##############`|.------------.....------------.|# .....| |.....|### # #|.|...|...|..|.....|..|..(|...|.|# |....| |......# # ###### #..|...|...|..|.....-..|...|...|.-### -....| -------# ### ## #**`#..|...|...|..|........|..(|.. |.|### |.<..| # ### )[#..|...|...||--.....-----|--|---.)d#####.....| # ### # #|.-|----|--.....................|@ ---.-- # # # |........|....{......{..).......|@ ## #### |.-|---.|.-.....--|--...........|# #--------.######..|.(.|.....--.|....|.----..---.|# #........| |.|...|...|..-.|..............|.|# |^.......######|.|(..|...|..|.|.._...%......(|.|# - ------ |.......| # #-.|(..|......|.|....|.|..|.%..|.|## -.......| |......>.######..------.--.--.-.----.---.-.--..| .| --------- #|...............................| | #----------.--.---.---..---------- ##############* *## Ranain the Trailblazer Experience level: 7 Strength: 16 Dexterity: 10 Constitution: 16 Intelligence: 13 Wisdom: 17 Charisma: 7 Health: 0(58) Energy: 58(58) Def: 19 Gold: 399 Moves: 3942 Dungeon seed: AU-WaOa5QstjDl8W Game ID: Ranain_1647607423 Your Inventory: Weapons d - an uncursed +1 elven dagger (alternate weapon; not wielded) e - an uncursed +1 elven bow (weapon in hand) p - 13 uncursed +0 arrows r - a blessed +2 elven dagger M - 44 uncursed +2 elven arrows (in quiver) N - an uncursed +2 spear Q - 27 uncursed +0 elven arrows Armor n - an uncursed +0 mummy wrapping y - an uncursed +1 orcish helm (being worn) P - an uncursed +0 pair of iron shoes (being worn) R - an uncursed +0 cloak of magic resistance (being worn) V - an uncursed +0 plate mail (being worn) Comestibles f - 2 uncursed lembas wafers Rings I - an uncursed +3 ring of protection (on left hand) Wands u - a cursed wand of teleportation (0:4) v - an uncursed wand of sleep (0:4) A - a cursed wand of slow monster (0:2) B - a cursed wand of lightning (0:1) E - an uncursed wand of digging (0:3) F - an uncursed wand of lightning (0:4) G - a cursed wand of teleportation (0:5) H - a cursed wand of digging (0:5) K - a cursed wand of speed monster (0:3) O - a cursed wand of striking (0:5) S - a cursed wand of polymorph (0:6) T - a cursed wand of striking (0:4) U - a cursed wand of speed monster (0:5) W - a cursed wand of sleep (0:4) Tools g - a cursed magic whistle k - a cursed skeleton key l - a cursed magic lamp (lit) q - an uncursed sack w - an uncursed tin whistle x - an uncursed +0 pick-axe X - a cursed +0 pick-axe Z - a cursed tin whistle Coins $ - 399 gold pieces Spells and supernatural/magical abilities: Name Level Category Cost Memory l - light 1 divination 100pw 98% W - pray for help -- divine ? -- Your skills at the end: Fighting Skills wands [Basic] Weapon Skills dagger [Basic] bow [Skilled] Spellcasting Skills Final Attributes: You had transgressed. You were immune to sleep. You were magic resistant. You saw invisible. You had automatic searching. You had infravision. You were stealthy. You were protected. You were lucky. Mars was noncommittal. You are dead. Vanquished creatures: a ghost a flaming sphere 2 watchmen 2 iron piercers a gnome king a dwarf lord a bugbear a wood nymph an orc shaman a rock piercer 2 rock moles a pony 2 fog clouds 4 gnome lords a gnomish wizard 3 kobold mummies a golden naga hatchling a straw golem a paper golem a baby crocodile 3 dwarves a kobold lord 13 hill orcs 2 rothes a monkey 2 orc zombies a wererat an iguana an acid blob a hobbit a large kobold a hobgoblin a giant rat a cave spider a yellow mold 14 gnomes a gnome zombie a gecko 3 jackals 4 goblins 3 sewer rats 6 grid bugs 3 bats 5 lichens 4 newts 104 creatures vanquished. Voluntary challenges: You used a wielded weapon 38 times, starting on turn 1267. You read items or engraved 4 times, starting on turn 2152. You never genocided any monsters. You never polymorphed an object. You never changed form. You used no wishes. You never split a pudding. You wrote Elbereth's name 2 times, starting on turn 3262. You violated your moral code, losing 44 points of alignment, starting on turn 3934. Dungeon overview: The Dungeons of Doom: levels 1 to 3 Level 1 a fountain a long staircase Level 2 a scroll shop, a fountain stairs to The Gnomish Mines Level 3 The Gnomish Mines: levels 3 to 6 Level 3 stairs to The Dungeons of Doom Level 4 Level 5 <- You were here many shops, a temple to Mercury, some fountains Level 6 History has recorded: On T:1 you entered the Dungeons of Doom to retrieve the Amulet of Yendor! On T:174 you reached level 2 of The Dungeons of Doom. On T:568 you reached level 1 of The Gnomish Mines. On T:747 you reached level 3 of The Dungeons of Doom. On T:1147 you reached level 2 of The Gnomish Mines. On T:1221 you reached level 3 of The Gnomish Mines. On T:1283 you advanced to experience level 2. On T:1342 you advanced to experience level 3. On T:1776 you advanced to experience level 4. On T:1838 you advanced to experience level 5. On T:2302 you advanced to experience level 6. On T:2819 you reached level 4 of The Gnomish Mines. On T:3461 you advanced to experience level 7. Score breakdown: Gold: 399 ( 8851 points) Experience: 7 levels (13645 points) Exploration: 6 levels ( 12.50%) ( 9784 points) Discoveries: 14 items ( 4.75%) ( 6535 points) Valuables value: (no points given unless you survive) Artifact value: 0 ( 0 points) Variety of kills: 45 monsters ( 11.84%) (10323 points) Turncount: 3942 turns (-1003 points) Survival: died (score multiplied by 80%) Total score: 38508 Latest messages: The watch captain misses. The elven arrow hits the watch captain! The watchman wields a knife! You shoot 2 elven arrows. The 1st elven arrow misses the watch captain. The 2nd elven arrow misses the watch captain. The watch captain swings her silver saber at you. The watch captain hits! The watch captain swings her silver saber at you. The watch captain hits! You shoot 2 elven arrows. The 1st elven arrow hits the watch captain! The 2nd elven arrow hits the watch captain! The watch captain puts on a leather cloak. You shoot 2 elven arrows. The 1st elven arrow hits the watch captain! The 2nd elven arrow misses the watch captain. The watch captain swings her silver saber at you. The watch captain hits! The watch captain swings her silver saber at you. The watch captain hits! You die... Final status: Goodbye Ranain the Ranger, killed by a watch captain... You died in The Gnomish Mines on dungeon level 5 with 38508 points, and 399 pieces of gold, after 3942 moves. You were level 7 with a maximum of 58 hit points when you died.